 Dungeon Crawl Stone Soup version 0.20.0-15-g7f486f2 (webtiles) character file.

40 CODWOMAN the Charmwright (level 3, -9/27 HPs)
             Began as a Demonspawn Skald on June 12, 2017.
             Mangled by a worm (11 damage)
             ... on level 2 of the Dungeon.
             The game lasted 00:05:54 (1584 turns).

CODWOMAN the Charmwright (Demonspawn Skald)         Turns: 1584, Time: 00:05:54

Health: -9/27      AC:  3    Str: 11    XL:     3   Next: 30%
Magic:  6/6        EV: 12    Int: 14    God:
Gold:   51         SH:  0    Dex: 13    Spells: 5/6 levels left

rFire    x x .     SeeInvis .   a - +0 falchion
rCold    + + .     Gourm    .   (no shield)
rNeg     . . .     Faith    .   b - +0 leather armour
rPois    .         Spirit   .   (helmet restricted)
rElec    .         Reflect  .   (no cloak)
rCorr    .         Harm     .   (no gloves)
MR       .....                  (no boots)
Stlth    ++........             f - amulet of rage
Regen    0.1/turn               k - ring of ice
MPRegen  0.1/turn               p - ring of ice

@: no status effects
A: antennae 1, nightstalker 1
a: Evoke Berserk Rage


You were on level 2 of the Dungeon.
You were not hungry.

You visited 1 branch of the dungeon, and saw 2 of its levels.

You collected 51 gold pieces.

Inventory:

Hand Weapons
 a - a +0 falchion (weapon)
 q - a +0 hunting sling
Missiles
 o - 4 javelins (quivered)
Armour
 b - a +0 leather armour (worn)
Jewellery
 f - an amulet of rage (around neck)
 k - a ring of ice (left hand)
 p - a ring of ice (right hand)
Scrolls
 e - a scroll of recharging {unknown}
 i - a scroll of magic mapping {unknown}
 j - a scroll of identify {unknown}
 l - a scroll of teleportation {unknown}
Potions
 g - a potion of agility {unknown}
 h - a potion of cancellation {unknown}
Books
 c - a book of Battle

   Spells                             Type                      Level
   a - Infusion                       Charms                       1
   b - Shroud of Golubria             Charms/Translocation         2
   c - Song of Slaying                Charms                       2
   d - Spectral Weapon                Hexes/Charms                 3
   e - Regeneration                   Charms/Necromancy            3
Comestibles
 d - 3 bread rations
 m - 2 meat rations
 n - 3 chunks of flesh


   Skills:
 + Level 2.2 Fighting
 + Level 2.0 Long Blades
 + Level 1.5 Armour
 + Level 2.1 Dodging
 + Level 0.6 Stealth
 + Level 2.2 Spellcasting
 + Level 2.8 Charms
 + Level 0.2 Evocations


You had 5 spell levels left.
You knew the following spells:

 Your Spells              Type           Power        Failure   Level  Hunger
a - Infusion              Chrm           #...         10%         1    #......


Dungeon Overview and Level Annotations

Branches:
Dungeon (2/15)

Altars:


Innate Abilities, Weirdness & Mutations

You have a pair of small antennae on your head.
You are slightly more attuned to the shadows.


Message History

The worm is heavily wounded.
The worm bites you!
You hit the worm.
The worm is severely wounded.
You hit the worm.
The worm is severely wounded.
The worm bites you.
You barely miss the worm.
The worm is severely wounded.
The worm bites you.
You hit the worm.
The worm is severely wounded.
The worm bites you!
* * * LOW HITPOINT WARNING * * *
You hit the worm.
The worm is almost dead.
You barely miss the worm.
The worm is almost dead.
The worm bites you!
You die...

##### #... #>.
#w# #@# #.#
#.# #.######
#.##...#
#.##...#
#.##...#
#.##...#
#.##...#######


You could see a worm.

Vanquished Creatures
  An ooze (D:1)
  6 bats (D:1)
  5 giant cockroaches
  6 goblins (D:1)
  5 hobgoblins (D:1)
  2 kobolds
  3 frilled lizards (D:1)
  4 rats
32 creatures vanquished.

Notes
Turn   | Place    | Note
-------+----------+-------------------------------------------
     0 | D:1      | CODWOMAN the Demonspawn Skald began the quest for the Orb.
     0 | D:1      | Reached XP level 1. HP: 16/16 MP: 3/3
    49 | D:1      | Reached skill level 1 in Armour
   295 | D:1      | Gained mutation: You are slightly more attuned to the shadows. [demonic ancestry]
   295 | D:1      | Reached XP level 2. HP: 21/22 MP: 5/5
  1142 | D:1      | Gained mutation: You have a pair of small antennae on your head. [demonic ancestry]
  1142 | D:1      | Reached XP level 3. HP: 18/27 MP: 6/6
  1584 | D:2      | Mangled by a worm

Skill      XL: |  1  2 |
---------------+-------+-----
Armour         | 1 |  1.5
Long Blades    | 2 |  2.0
Dodging        | 2 |  2.1
Fighting       | |  2.2
Stealth        | |  0.6
Spellcasting   | |  2.2
Charms         | |  2.8
Evocations     | |  0.2

Action                   || total
-------------------------++-------
Melee: Falchion          ||    93
 Cast: Infusion          ||     1
 Abil: Evoke Berserk Rag ||     3
 Stab: Sleeping          ||     1
  Eat: Chunk             ||     5
Armor: Leather armour    ||    82
Dodge: Dodged            ||   136
       Rpst.: Falchion   ||    44
